 Seeded DCSS version 0.32-a0-898-g7811c86cf0 (webtiles) character file.

Game seed: 202404041 (custom seed)

24588 Orlauf the Cruncher (level 12, -2/97 HPs)
             Began as a Demonspawn Gladiator on Apr 4, 2024.
             Was a Believer of Uskayaw.
             Incinerated by a deep elf pyromancer (12 damage)
             ... with a pyre arrow
             ... on level 13 of the Dungeon.
             The game lasted 00:24:44 (11640 turns).

Orlauf the Cruncher (Demonspawn Gladiator)         Turns: 11640, Time: 00:24:45

Health: -2/97      AC: 24    Str: 20    XL:     12   Next: 82%
Magic:  21/21      EV:  8    Int:  8    God:    Uskayaw [**....]
Gold:   604        SH:  0    Dex: 15    Spells: 11/11 levels left

rFire   . . .        a - +1 lajatang (vamp)
rCold   + . .        (shield currently unavailable)
rNeg    + . .        D - +1 chain mail "Distejau" {rElec rC+}
rPois   .            m - +2 helmet of Dithmenos's Hope {Rampage rN+}
rElec   +            p - +0 cloak
rCorr   .            (no gloves)
SInv    +            r - +1 pair of boots
Will    .....        Q - amulet of faith Stlth
                     g - ring of see invisible
HPRegen 0.36/turn    n - +4 ring of protection
MPRegen 0.17/turn

%: rampage, faith
@: on fire, glowing
A: demonic guardian 2, sharp scales 1, weakness stinger 2
a: Renounce Religion, Stomp, Line Pass


You were on level 13 of the Dungeon.
You worshipped Uskayaw.
Uskayaw was pleased with you.
You visited 2 branches of the dungeon, and saw 14 of its levels.
You also visited: Bailey.

You collected 803 gold pieces.
You spent 199 gold pieces at shops.

Inventory:

Hand Weapons
 a - a +1 vampiric lajatang (weapon)
 b - a +2 quarterstaff of draining
 o - a +2 quarterstaff of chaos
 q - a +1 quarterstaff of freezing
 B - a +0 quarterstaff
Missiles
 d - 5 throwing nets
 e - 10 javelins
 j - 25 poisoned darts
 K - a curare-tipped dart
Armour
 l - a +0 plate armour
 m - the +2 helmet of Dithmenos's Hope (worn) {Rampage rN+}
   (You found it on level 4 of the Dungeon)

   rN+:       It protects you from negative energy.
   Rampage:   It bestows one free step when moving towards enemies.
 p - a +0 cloak (worn)
 r - a +1 pair of boots (worn)
 A - the +0 hat "Fefoupasm" {rF+ SInv}
   (You found it on level 8 of the Dungeon)

   rF+:       It protects you from fire.
   SInv:      It lets you see invisible.
 D - the +1 chain mail "Distejau" (worn) {rElec rC+}
   (You bought it in a shop on level 7 of the Dungeon)

   rC+:       It protects you from cold.
   rElec:     It insulates you from electricity.
Jewellery
 f - a +5 ring of evasion
 g - a ring of see invisible (left hand)
 n - a +4 ring of protection (right hand)
 v - a ring of magical power
 C - a ring of wizardry
 G - a +5 ring of evasion
 Q - an amulet of faith (around neck)
Wands
 y - a wand of roots (19) (quivered)
 H - a wand of mindburst (20)
 M - a wand of paralysis (6)
Scrolls
 c - 4 scrolls of teleportation
 k - 2 scrolls of fear
 w - a scroll of poison
 x - 2 scrolls of fog
 z - 3 scrolls of enchant armour
 I - 2 scrolls of identify
 L - 2 scrolls of immolation
 N - a scroll of enchant weapon
 P - a scroll of brand weapon
Potions
 h - a potion of cancellation
 i - 4 potions of lignification
 s - 2 potions of berserk rage
 t - 3 potions of haste
 u - a potion of curing
 E - 3 potions of heal wounds
 F - a potion of brilliance
 J - 2 potions of might
 O - a potion of resistance {unknown}
 R - a potion of enlightenment


   Skills:
 - Level 9.8 Fighting
 * Level 13.3 Staves
 - Level 1.7 Throwing
 + Level 9.0 Armour
 - Level 2.6 Dodging
 + Level 12.5 Invocations


You had 11 spell levels left.
You didn't know any spells.
Your spell library contained the following spells:

 Spells                   Type           Power      Damage    Failure   Level
 Freeze                   Ice            0%         1d3       94%         1
 Cigotuvi's Dreadful Rot  Necr/Alch/Air  0%         N/A       98%         2
 Ensorcelled Hibernation  Hex/Ice        0%         N/A       98%         2
 Call Canine Familiar     Summ           0%         N/A       100%        3
 Frozen Ramparts          Ice            0%         1d1       100%        3
 Hailstorm                Conj/Ice       0%         3d5       100%        3
 Inner Flame              Hex/Fire       0%         N/A       100%        3
 Passwall                 Erth           0%         N/A       100%        3
 Sigil of Binding         Hex            0%         N/A       100%        3
 Swiftness                Air            0%         N/A       100%        3
 Dimensional Bullseye     Hex/Tloc       0%         N/A       100%        4
 Flame Wave               Conj/Fire      0%         2d4       100%        4
 Ignite Poison            Fire/Alch      0%         N/A       100%        4
 Sticky Flame             Fire/Alch      0%         2d4       100%        4
 Freezing Cloud           Conj/Ice/Air   0%         6-21      100%        5


Dungeon Overview and Level Annotations

Branches:
Dungeon (13/15)            Temple (1/1) D:5            Lair (0/5) D:11
    Orc (0/2) D:11         Bailey (visited)
 Vaults: D:13-14

Altars:
Ashenzari
Cheibriados
Dithmenos
Fedhas
Gozag
Hepliaklqana
Kikubaaqudgha
Makhleb
Nemelex Xobeh
Okawaru
Qazlal
Ru
Sif Muna
Trog
Uskayaw
Vehumet
Wu Jian
Xom
Yredelemnul

Shops:
D:7 [*

Annotations:
D:8 6 runed translucent doors


Innate Abilities, Weirdness & Mutations

A demonic guardian rushes to your aid.
You are partially covered in razor-sharp scales. (AC +1, Slay +1)
You have a tail ending in a sharp stinger.


Message History

You barely miss the deep elf pyromancer.
The deep elf pyromancer is almost dead.
The liquid fire burns you!
The deep elf pyromancer gestures at you while chanting.
The bolt of fire hits you!! The bolt of fire hits your hellwing!!
You are too injured to fight recklessly!
You barely miss the deep elf pyromancer.
Your tail-slap misses the deep elf pyromancer.
The deep elf pyromancer is almost dead.
The liquid fire burns you!
The deep elf pyromancer casts a spell at you.
The pyre arrow hits you.
You are even more covered in intense liquid fire!
You miss the deep elf pyromancer.
The deep elf pyromancer is almost dead.
The liquid fire burns you!
Unknown command.
You barely miss the deep elf pyromancer.
The deep elf pyromancer is almost dead.
The liquid fire burns you!
The deep elf pyromancer hits you with a +0 rapier.
You barely miss the deep elf pyromancer.
The deep elf pyromancer is almost dead.
The liquid fire burns you!
* * * LOW HITPOINT WARNING * * *
The deep elf pyromancer hits you with a +0 rapier.
* * * LOW HITPOINT WARNING * * *
You slash the deep elf pyromancer!
You kill the deep elf pyromancer!
The liquid fire burns you!
* * * LOW HITPOINT WARNING * * *
A demonic guardian appears!
You swap places.
You shake off some of the fire as you move.
The liquid fire burns you!
* * * LOW HITPOINT WARNING * * *
You shake off some of the fire as you move.
The liquid fire burns you!
You die...
Your body falls in perfect tune with the rhythm.

#.# #........#. #.#
#..##...... #.#
#..<....... #.#
#.......... #.#
#...#...... #.#
#.......#รท. #
######..#....#..
#.#####.......#.#.##..
#..4.@........#.#.....
####.####..#.#..#..#.#
#4# #..#.#........
#)#######.#.....#.#
#.##......#........
#.##.######.....#.#
#.##.#.....###.....
#.##.#.........##..
#.##.#.....#.#####.


You could see a friendly hellwing (summoned) and a friendly rust devil
(summoned).

Vanquished Creatures
  Kirke (D:13)
  Harold (D:9)
  4 two-headed ogres
  A centaur warrior (D:13)
  Erica (D:9)
  A boulder beetle (D:13)
  An arcanist (D:13)
  Pikel (D:9)
  A deep elf pyromancer (D:13)
  An ugly thing (D:13)
  3 cyclopes
  An unseen horror (D:10)
  A gargoyle (D:13)
  An efreet (D:13)
  An unseen horror (shapeshifter) (D:13)
  A kobold demonologist (D:12)
  4 trolls
  Prince Ribbit (D:6)
  A hornet (D:9)
  2 jumping spiders (D:8)
  12 slime creatures (D:12)
  2 vampires
  3 wraiths
  6 spriggans (Bailey)
  A shadow (D:11)
  A human (D:13)
  Grum (D:11)
  2 wyverns
  12 yaks
  A basilisk (D:13)
  A redback (D:8)
  3 vampire mosquitoes (D:11)
  A water moccasin (D:6)
  An acid dragon (D:8)
  5 orc warriors
  A sky beast (D:8)
  3 black bears
  7 ogres (Bailey)
  8 centaurs
  2 wolves (D:11)
  2 lemures (D:9)
  3 phantoms
  2 kobold brigands
  3 bullfrogs
  A gnoll sergeant (D:6)
  7 wights
  16 killer bees
  4 howler monkeys
  2 hounds (D:5)
  4 jellies
  7 orc priests
  2 bombardier beetles
  2 gnoll boudas
  Crazy Yiuf (D:3)
  2 sleepcaps
  Natasha (thrice) (D:3)
  3 iguanas
  18 orc wizards
  7 adders
  10 gnolls
  2 shadow imps
  A white imp (D:7)
  2 ufetubi (D:5)
  5 dart slugs
  40 orcs
  6 bats
  8 endoplasms
  2 giant cockroaches
  7 goblins
  6 hobgoblins
  7 jackals
  2 quokkas (D:3)
  5 ball pythons
  3 frilled lizards (D:2)
  18 kobolds
  4 rats
319 creatures vanquished.

Vanquished Creatures (collateral kills)
  2 slime creatures (D:12)
  A spriggan (Bailey)
  2 humans (D:13)
  A steam dragon (Bailey)
  3 killer bees (D:10)
  2 orcs (D:8)
11 creatures vanquished.

Grand Total: 330 creatures vanquished

Notes
Turn   | Place    | Note
-------+----------+-------------------------------------------
     0 | D:1      | Orlauf the Demonspawn Gladiator began the quest for the
                  | Orb.
     0 | D:1      | Reached XP level 1. HP: 16/16 MP: 1/1
    91 | D:1      | Reached skill level 3 in Staves
   148 | D:1      | Gained mutation: You are partially covered in razor-sharp
                  | scales. (AC +1, Slay +1) [demonic ancestry]
   148 | D:1      | Reached XP level 2. HP: 22/22 MP: 2/2
   636 | D:2      | Gained mutation: A weak demonic guardian rushes to your
                  | aid. [demonic ancestry]
   636 | D:2      | Reached XP level 3. HP: 25/28 MP: 3/3
   749 | D:2      | Reached skill level 4 in Staves
   749 | D:2      | Reached XP level 4. HP: 35/35 MP: 4/4
  1405 | D:3      | Gained mutation: You have a small tail. [demonic ancestry]
  1405 | D:3      | Reached XP level 5. HP: 35/41 MP: 5/5
  1487 | D:3      | Found a faded altar of an unknown god.
  1589 | D:3      | Found a faded altar of an unknown god.
  1623 | D:3      | Noticed Natasha
  1630 | D:3      | Killed Natasha
  1630 | D:3      | Noticed Natasha
  1638 | D:3      | Killed Natasha
  1639 | D:3      | Reached skill level 5 in Staves
  1775 | D:3      | Found a runed translucent door.
  1776 | D:3      | Noticed Crazy Yiuf
  1783 | D:3      | Killed Crazy Yiuf
  1825 | D:3      | Noticed Natasha
  1831 | D:3      | Killed Natasha
  1832 | D:3      | Reached XP level 6. HP: 48/48 MP: 6/6
  1974 | D:4      | Identified the +2 helmet of Dithmenos's Hope {Rampage rN+}
  2108 | D:4      | Identified the +6 dagger of Disorder {freeze, Dex+4}
  2117 | D:4      | Reached skill level 6 in Staves
  2123 | D:4      | Reached XP level 7. HP: 42/55 MP: 7/7
  2326 | D:4      | Reached skill level 5 in Fighting
  2700 | D:5      | Entered Level 5 of the Dungeon
  3001 | D:5      | Found a staircase to the Ecumenical Temple.
  3044 | Temple   | Entered the Ecumenical Temple
  3114 | Temple   | Became a worshipper of Uskayaw the Reveller
  3197 | D:5      | Reached * piety under Uskayaw
  3199 | D:5      | Reached skill level 1 in Armour
  3254 | D:5      | Reached ** piety under Uskayaw
  3261 | D:5      | Reached skill level 1 in Invocations
  3407 | D:5      | Reached XP level 8. HP: 61/64 MP: 8/8
  3503 | D:5      | Reached skill level 7 in Staves
  3890 | D:6      | Noticed Prince Ribbit
  3898 | D:6      | Killed Prince Ribbit
  3898 | D:6      | Reached *** piety under Uskayaw
  4107 | D:6      | Reached **** piety under Uskayaw
  4118 | D:6      | Reached ***** piety under Uskayaw
  4434 | D:6      | Found a broken altar of Ashenzari.
  4896 | D:7      | Found Carae's Overcharged Wands.
  4909 | D:7      | Reached XP level 9. HP: 49/72 MP: 12/12
  4971 | D:7      | Found a flagged portal.
  4984 | Bailey   | Entered a bailey
  5026 | Bailey   | Reached skill level 5 in Invocations
  5106 | Bailey   | Reached skill level 8 in Staves
  5230 | Bailey   | Noticed a two-headed ogre
  5245 | Bailey   | Killed a two-headed ogre
  5265 | Bailey   | Gained mutation: You have a tail ending in a sharp stinger.
                  | [demonic ancestry]
  5265 | Bailey   | Reached XP level 10. HP: 38/83 MP: 14/14
  5609 | D:7      | Identified a scroll of acquirement
  5609 | D:7      | Acquired a +1 vampiric lajatang
  5802 | D:7      | Found Nusugix's Antique Armour Boutique.
  5812 | D:7      | Bought a polished chain mail for 199 gold pieces
  5812 | D:7      | Identified the +1 chain mail "Distejau" {rElec rC+} (You
                  | bought it in a shop on level 7 of the Dungeon)
  6282 | D:8      | Reached skill level 5 in Armour
  6967 | D:8      | Found a runed translucent door.
  6998 | D:8      | Reached skill level 9 in Staves
  7162 | D:8      | Found a runed translucent gate.
  7163 | D:8      | Identified the +0 hat "Fefoupasm" {rF+ SInv}
  7163 | D:8      | Noticed a boulder beetle
  7164 | D:8      | Found a runed translucent gate.
  7165 | D:8      | Found a runed translucent gate.
  7165 | D:8      | Found a runed translucent gate.
  7165 | D:8      | Found a runed translucent gate.
  7165 | D:8      | Noticed a lindwurm
  7165 | D:8      | Noticed a boulder beetle
  7166 | D:8      | Found a runed translucent gate.
  7282 | D:9      | Noticed Erica
  7287 | D:9      | Killed Erica
  7467 | D:9      | Found a burning altar of Makhleb.
  7747 | D:9      | Noticed Harold
  7755 | D:9      | Killed Harold
  7756 | D:9      | Reached skill level 10 in Staves
  7756 | D:9      | Gained mutation: A demonic guardian rushes to your aid.
                  | [demonic ancestry]
  7756 | D:9      | Reached XP level 11. HP: 67/90 MP: 17/17
  7923 | D:9      | Noticed a two-headed ogre
  7935 | D:9      | Killed a two-headed ogre
  7971 | D:9      | Noticed Pikel
  7983 | D:9      | Killed Pikel
  8020 | D:9      | Found an opulent altar of Gozag.
  8090 | D:9      | Found a bloodstained altar of Trog.
  8176 | D:10     | Entered Level 10 of the Dungeon
  8760 | D:11     | Noticed Grum
  8772 | D:11     | Killed Grum
  8773 | D:11     | Reached skill level 11 in Staves
  8820 | D:11     | Found a staircase to the Orcish Mines.
  8864 | D:11     | Noticed a two-headed ogre
  8872 | D:11     | Reached skill level 10 in Invocations
  8881 | D:11     | Reached ****** piety under Uskayaw
  8903 | D:11     | Killed a two-headed ogre
  8974 | D:11     | Identified the +2 dagger "Qaohar Eghi" {heavy, Str+3}
  9086 | D:11     | Found a staircase to the Lair.
  9567 | D:12     | Reached XP level 12. HP: 92/97 MP: 20/20
  9569 | D:12     | Noticed a two-headed ogre
  9585 | D:12     | Killed a two-headed ogre
  9586 | D:12     | Reached skill level 12 in Staves
  9737 | D:12     | Identified the +2 leather armour "Kenn" {Rampage Slay+3}
 10908 | D:13     | Noticed Kirke
 10919 | D:13     | Killed Kirke
 11031 | D:13     | Noticed a boulder beetle
 11043 | D:13     | Killed a boulder beetle
 11056 | D:13     | Reached skill level 13 in Staves
 11429 | D:13     | Noticed a centaur warrior
 11455 | D:13     | Killed a centaur warrior
 11640 | D:13     | Incinerated by a deep elf pyromancer

Illustrated notes

Levels and vault maps discovered:
D:1:      minmay_arrival_up_and_down, layout_rooms,
          chequers_serial_rivers_micro_e
D:2:      layout_rooms
D:3:      layout_rooms, nicolae_overflow_ecumenical_swirl,
          shapermc_ecumenical_altar_venn, minmay_quantized, uniq_natasha,
          uniq_crazy_yiuf_cottage
D:4:      layout_loops_ring
D:5:      layout_basic, minmay_temple_entry_antechambers
D:6:      layout_basic, kennysheep_little_box, uniq_prince_ribbit1
D:7:      layout_cave_pools, enter_bailey_2, serial_shops, shop,
          nicolae_shop_overcharged_wands
D:8:      gammafunk_indiana_jones, layout_cave_pods
D:9:      layout_loops_ring, kennysheep_mini,
          mainiacjoe_overflow_catch_the_wave, uniq_erica, uniq_harold,
          uniq_pikel
D:10:     layout_rooms
D:11:     layout_basic, lair_entry_dummy, orc_0_dummy, uniq_grum
D:12:     layout_basic
D:13:     layout_basic, serial_co_window_serial, co_window_paths_b,
          co_window_corner_a, co_window_paths_a, co_window_corner_a,
          co_window_paths_b, co_window_corner_a, co_window_paths_a,
          co_window_corner_ca, co_window_broadway_c, co_window_corner_b,
          co_window_cross_3, glass_columns_b, glass_columns_b, uniq_kirke
Temple:   minmay_temple_bridge_d

Skill      XL: |  1  2  3  4  5  6  7  8  9 10 11 12 |
---------------+-------------------------------------+-----
Staves         | 3 4 5 6 7 8 10 11 13 | 13.3
Fighting       | 3 4 6 7 9 |  9.8
Armour         | 1 3 4 6 7 9 |  9.0
Invocations    | 1 4 6 8 10 12 | 12.5
Throwing       | |  1.7
Dodging        | |  2.6

Action                     |  1- 3 |  4- 6 |  7- 9 | 10-12 || total
---------------------------+-------+-------+-------+-------++-------
  Melee: Quarterstaff      |    76 |   127 |   217 |    15 ||   435
         Tailslap          |       |     7 |    33 |    87 ||   127
         Lajatang          |       |       |       |   592 ||   592
  Throw: Throwing net      |     1 |     3 |     1 |       ||     5
         Dart              |       |       |     8 |       ||     8
         Javelin           |       |       |     3 |       ||     3
  Evoke: Wand              |       |       |    13 |     8 ||    21
    Use: Scroll            |     1 |     5 |     5 |    10 ||    21
         Potion            |       |       |     6 |     5 ||    11
   Stab: Held in net/web   |       |     1 |       |       ||     1
         Paralysed         |       |       |     3 |    48 ||    51
 Armour: Leather armour    |    10 |       |       |       ||    10
         Scale mail        |    22 |    53 |    35 |       ||   110
         Plate armour      |       |       |   116 |    19 ||   135
         Chain mail        |       |       |    23 |   651 ||   674
         Skin              |       |       |    12 |       ||    12
  Dodge: Dodged            |    49 |    50 |    92 |   283 ||   474

Table legend: (Time is in decaauts)
 A = Elapsed time spent in this place.
 B = Non-inter-level travel time spent in this place.
 C = Inter-level travel time spent in this place.
 D = Time resting spent in this place.
 E = Time spent auto-exploring this place.
 F = Levels seen in this place.
 G = Mean time per level.
                   A        B        C        D        E       F      G
               +--------+--------+--------+--------+--------+-----+--------+
         Total |  11586 |  11113 |    473 |    967 |   7597 |  15 |  772.4 |
       Dungeon |  10816 |  10480 |    336 |    622 |   7555 |  13 |  832.0 |
        Temple |    139 |      2 |    137 |      0 |      0 |   1 |  139.0 |
        Bailey |    629 |    629 |      0 |    345 |     42 |   1 |  629.0 |
               +--------+--------+--------+--------+--------+-----+--------+

Top non-repeatable levels by time:
    D:12: 1443 daAuts
     D:8: 1323 daAuts
     D:6: 1213 daAuts
     D:9: 900 daAuts
    D:13: 868 daAuts
     D:4: 844 daAuts
     D:5: 834 daAuts
     D:3: 716 daAuts
  Bailey: 629 daAuts
     D:2: 617 daAuts
    D:10: 553 daAuts
     D:1: 543 daAuts
    D:11: 523 daAuts
     D:7: 434 daAuts
  Temple: 139 daAuts
